Map: [ESL] Gresvan

Players

Spatz - Winner!

  • Race: Protoss Protoss
  • Spawn Location: 5:00

ForJumy

  • Race: Protoss Protoss
  • Spawn Location: 11:00

Event: ESL SC2 Masters 2023 Summer (Regionals)

VOD

Have the link to the VOD?

Description

Time

  • Played on: May 11, 2023, 10:15 a.m.
  • Length: 10:20

All games in this series

Show
View Real Time Build Order
Export as new Build Order

Spatz Protoss - Winner!

Build Orders:  

Get SALT Encoding   

  12  0:01  Probe  
  13  0:13  Probe  
  14  0:17  Pylon  
  14  0:25  Probe (Chrono Boost)  
  15  0:37  Probe (Chrono Boost), Gateway  
  16  0:43  Probe (Chrono Boost)  
  16  0:46  Assimilator  
  17  0:51  Probe  
  17  0:54  Assimilator  
  18  1:03  Probe (Chrono Boost)  
  19  1:06  Gateway  
  19  1:13  Probe (Chrono Boost)  
  19  1:18  Probe (Chrono Boost)  
  20  1:24  Cybernetics Core  
  21  1:30  Probe  
  22  1:33  Pylon  
  22  1:42  Probe  
  23  1:54  Probe  
  23  2:00  Adept x2, Warp Gate  
  28  2:06  Probe, Pylon  
  29  2:30  Stalker (Chrono Boost)  
  29  2:31  Pylon  
  29  2:36  Probe  
  34  2:37  Stalker (Chrono Boost)  
  34  2:49  Robotics Facility  
  34  2:50  Gateway  
  34  2:55  Stalker (Chrono Boost)  
  35  3:02  Stalker  
  37  3:09  Pylon  
  37  3:35  Warp Prism (Chrono Boost)  
  37  3:50  Stalker x3  
  37  3:53  Pylon  
  41  4:04  Observer  
  42  4:25  Stalker x2  
  42  4:26  Stalker  
  48  4:40  Nexus  
  48  4:41  Observer  
  49  4:54  Sentry  
  49  4:57  Pylon  
  51  5:04  Immortal (Chrono Boost)  
  55  5:18  Probe  
  56  5:30  Probe  
  57  5:36  Immortal (Chrono Boost)  
  57  5:39  Twilight Council  
  61  5:45  Probe  
  62  6:01  Probe  
  63  6:04  Probe  
  63  6:10  Immortal (Chrono Boost)  
  68  6:13  Probe  
  68  6:17  Probe  
  70  6:21  Blink (Chrono Boost)  
  70  6:25  Probe  
  71  6:29  Probe  
  72  6:35  Stalker  
  72  6:39  Shield Battery  
  74  6:44  Pylon  
  74  6:53  Probe  
  76  7:02  Pylon, Immortal (Chrono Boost)  
  79  7:09  Probe x2  
  81  7:16  Pylon  
  81  7:21  Probe  
  76  7:40  Probe  
  76  7:42  Observer  
  76  7:43  Probe  
  77  7:47  Stalker x2  
  77  7:49  Pylon  
  81  7:52  Probe  
  81  7:55  Probe  
  81  7:59  Gateway  
  81  8:04  Probe  
  82  8:07  Probe  
  82  8:11  Assimilator  
  83  8:16  Stalker x2  
  86  8:22  Pylon  
  86  8:25  Stalker  
  88  8:33  Probe x2  
  90  8:42  Stalker x2  
  90  8:46  Pylon  
  94  8:50  Probe  
  94  8:53  Probe  
  96  8:58  Stalker x2  
  96  8:59  Observer (Chrono Boost)  
  101  9:03  Assimilator  
  101  9:04  Probe  
  102  9:19  Stalker x2  
  105  9:25  Stalker x2  
  105  9:30  Probe  
  100  9:39  Probe  
  100  9:45  Stalker x2  
  105  9:48  Probe  
  105  9:51  Probe  
  107  9:57  Stalker x2  
  107  10:00  Probe  
  107  10:02  Observer (Chrono Boost)  
  108  10:14  Stalker  
Show
View Real Time Build Order
Export as new Build Order

ForJumy Protoss 

Build Orders:  

Get SALT Encoding   

  12  0:00  Probe  
  13  0:12  Probe  
  14  0:17  Pylon  
  14  0:24  Probe  
  15  0:35  Gateway  
  15  0:37  Probe (Chrono Boost)  
  16  0:46  Probe (Chrono Boost)  
  16  0:47  Assimilator  
  17  0:51  Probe  
  17  0:56  Assimilator  
  18  1:04  Probe (Chrono Boost)  
  19  1:10  Gateway  
  19  1:14  Probe (Chrono Boost)  
  20  1:19  Probe (Chrono Boost)  
  20  1:25  Cybernetics Core  
  21  1:30  Probe  
  22  1:40  Pylon  
  22  1:42  Probe  
  23  2:02  Robotics Facility  
  23  2:04  Stalker  
  23  2:06  Stalker  
  27  2:10  Warp Gate (Chrono Boost)  
  27  2:16  Probe  
  27  2:22  Pylon  
  28  2:38  Stalker  
  28  2:40  Stalker  
  31  2:44  Probe  
  32  3:00  Nexus  
  32  3:04  Probe  
  33  3:15  Pylon  
  33  3:17  Pylon  
  33  3:26  Twilight Council  
  33  3:33  Probe  
  32  3:45  Probe  
  31  3:53  Sentry  
  31  3:54  Sentry  
  34  3:57  Probe  
  34  4:01  Blink (Chrono Boost)  
  35  4:09  Probe  
  36  4:24  Stalker  
  37  4:25  Sentry  
  37  4:28  Probe  
  40  4:35  Shield Battery  
  38  4:47  Stalker  
  38  4:52  Pylon  
  40  4:53  Stalker  
  42  5:07  Pylon  
  42  5:11  Gateway  
  40  5:21  Stalker  
  42  5:29  Gateway  
  42  5:44  Stalker  
  44  5:50  Gateway  
  42  6:10  Stalker  
  44  6:26  Stalker  
  46  6:39  Stalker  
  44  6:45  Nexus  
  44  6:49  Probe  
  41  7:03  Stalker x2  
  41  7:07  Probe, Robotics Facility  
  46  7:19  Probe  
  47  7:40  Pylon  
  47  7:42  Dark Shrine  
  43  7:54  Observer  
  43  7:56  Stalker x2  
  44  8:07  Probe (Chrono Boost)  
  45  8:16  Stalker x2  
  49  8:22  Stalker  
  49  8:23  Pylon  
  49  8:24  Probe  
  52  8:33  Probe  
  53  8:44  Stalker x3  
  55  9:05  Dark Templar  
  55  9:09  Dark Templar  
  50  9:37  Dark Templar  
  43  9:40  Dark Templar  
  30  10:09  Dark Templar  
Tags
 
Add a new tag
Caveats
  • Supply blocks, unpowered buildings, or Contaminate may cause inaccurate times.
  • Supply counts are checked every 10 seconds.